 Dungeon Crawl Stone Soup version 0.31-a0-816-gd61d57ddb1 (webtiles) character file.

Game seed: 9896937780501674937

2848 Maratek the Cleaver (level 9, -2/79 HPs)
             Began as a Hill Orc Fighter on Sept 22, 2023.
             Succumbed to Erica's bolt of poison
             ... on level 8 of the Dungeon.
             The game lasted 00:11:29 (6413 turns).

Maratek the Cleaver (Hill Orc Fighter)              Turns: 6413, Time: 00:11:30

Health: -2/79      AC: 14    Str: 23    XL:     9   Next: 74%
Magic:  9/9        EV: 12    Int:  8    God:
Gold:   402        SH:  5    Dex: 10    Spells: 8/8 levels left

rFire   . . .        h - +1 war axe (distort)
rCold   . . .        c - +0 buckler
rNeg    . . .        l - +1 plate armour
rPois   .            (no helmet)
rElec   .            (no cloak)
rCorr   .            (no gloves)
SInv    .            (no boots)
Will    .....        (no amulet) Stlth
                     p - +5 ring of evasion
HPRegen 0.33/turn    (no ring)
MPRegen 0.11/turn

%: no passive effects
@: mighty, lethally poisoned (-2 -> -19)
A: no striking features
a: no special abilities


You were on level 8 of the Dungeon.
You visited 2 branches of the dungeon, and saw 9 of its levels.

You collected 402 gold pieces.

Inventory:

Hand Weapons
 h - a +1 war axe of distortion (weapon)
Armour
 c - a +0 buckler (worn)
 l - a +1 plate armour (worn)
Jewellery
 p - a +5 ring of evasion (left hand)
 s - a ring of wizardry
Wands
 m - a wand of mindburst (15)
 n - a wand of paralysis (4)
 r - a wand of flame (10)
Scrolls
 e - 2 scrolls of blinking
 j - 2 scrolls of teleportation
 k - 2 scrolls of immolation
 t - a scroll of identify
 u - a scroll of revelation {unknown}
Potions
 a - 2 potions of haste {unknown}
 b - a potion of degeneration {unknown}
 d - 2 potions of might
 g - a potion of cancellation {unknown}
 i - a potion of invisibility {unknown}
 o - 2 potions of mutation {unknown}
 q - 2 potions of heal wounds {unknown}
 v - a potion of ambrosia {unknown}


   Skills:
 + Level 7.0 Fighting
 + Level 12.1 Axes
 + Level 8.2 Armour
 + Level 1.0 Dodging
 + Level 0.7 Stealth
 + Level 5.0 Shields


You had 8 spell levels left.
You didn't know any spells.
Your spell library contained the following spells:

 Spells                   Type           Power      Damage    Failure   Level
 Freeze                   Ice            0%         1d3       100%        1
 Frozen Ramparts          Ice            0%         1d1       100%        3
 Hailstorm                Conj/Ice       0%         3d3       100%        3
 Passage of Golubria      Tloc           0%         N/A       100%        4
 Silence                  Hex/Air        0%         N/A       100%        5
 Lehudib's Crystal Spear  Conj/Erth      0%         10d2      100%        8


Dungeon Overview and Level Annotations

Branches:
Dungeon (8/15)             Temple (1/1) D:7            Lair (0/5) D:8

Altars:
Ashenzari
Cheibriados
Dithmenos
Fedhas
Hepliaklqana
Kikubaaqudgha
Makhleb
Nemelex Xobeh
Okawaru
Qazlal
Ru
Sif Muna
Trog
Uskayaw
Wu Jian
Xom
Yredelemnul
Zin
The Shining One

Annotations:
D:7 1 runed translucent door, 2 transporters, nms23's ghost, novice OpCj
D:8 2 transporters, Erica; dohliylev's ghost, novice TrWr


Message History

Dohliylev's ghost wails.
Dohliylev's ghost screams, "Don't try to defend!
You have no chance!"
Dohliylev's ghost says, "You will never get the ORB!"
Erica is nearby!
Erica is nearby!
Erica casts a spell at you. The bolt of poison hits you!!
You are poisoned.
You feel very sick.
Erica hits you with a +2 scimitar of flaming.
Erica burns you.
You are too injured to fight recklessly!
You are too injured to fight recklessly!
You are too injured to fight recklessly!
You are too injured to fight recklessly!
You feel very mighty all of a sudden.
You feel very sick.
Erica hits you with a +2 scimitar of flaming!
* * * LOW HITPOINT WARNING * * *
Erica burns you.
* * * LOW HITPOINT WARNING * * *
Aiming: Mindburst
Press: ? - help, Q - select action, (/) - cycle Shift-Dir - straight line, f - Erica
Aim: Erica, wielding a +2 scimitar of flaming and wearing a +2 robe of willpower (chance to affect: 6%) Erica resists with almost no effort.
You feel sick.
Erica hits you with a +2 scimitar of flaming!
* * * LOW HITPOINT WARNING * * *
Erica burns you.
* * * LOW HITPOINT WARNING * * *
You feel better.
Erica points at you and mumbles some strange words.
The bolt of poison hits you!
You are poisoned.
* * * LOW HITPOINT WARNING * * *
Aiming: Paralyse
Press: ? - help, Q - select action, (/) - cycle Shift-Dir - straight line, f/p - Erica
Aim: Erica, wielding a +2 scimitar of flaming and wearing a +2 robe of willpower (chance to affect: 1%) Erica resists with almost no effort.
You die...

#. ## . ##....### ..
.#.#......# . #..#......#
.##. ##.##..##..## W#..
..#...###..#
##..##x#....##..# #.##
##....###.....#..# #...
#.....!.......#..#### ####
...........@@.......######
.......)....####.........###
##..........# ####...##..{.
#..........# #.......##
#..........# #########
#..........# #..........#
############


You could see Erica.

Vanquished Creatures
  A two-headed ogre (D:8)
  A cyclops (D:8)
  Sigmund (D:5)
  2 water moccasins
  An orc warrior (D:7)
  2 sky beasts
  2 black bears (D:5)
  An ice beast (D:6)
  An ogre (D:5)
  A centaur (D:7)
  A phantom (D:6)
  A bullfrog (D:6)
  3 scorpions (D:5)
  2 jellies (D:6)
  2 hounds (D:6)
  Terence (D:3)
  A sleepcap (D:6)
  Ijyb (D:3)
  2 orc wizards (D:6)
  8 gnolls
  6 adders
  2 shadow imps
  2 white imps
  A worm (D:2)
  A dart slug (D:1)
  10 orcs
  3 endoplasms
  2 giant cockroaches
  5 goblins
  5 hobgoblins
  A quokka (D:1)
  3 ball pythons
  A bat (D:2)
  5 frilled lizards
  4 kobolds
  2 rats (D:2)
  A butterfly (D:7)
89 creatures vanquished.

Notes
Turn   | Place    | Note
-------+----------+-------------------------------------------
     0 | D:1      | Maratek the Hill Orc Fighter began the quest for the Orb.
     0 | D:1      | Reached XP level 1. HP: 19/19 MP: 1/1
   105 | D:1      | Reached XP level 2. HP: 26/27 MP: 2/2
   183 | D:1      | Reached skill level 3 in Axes
   414 | D:2      | Reached XP level 3. HP: 28/33 MP: 3/3
  1175 | D:3      | Noticed Terence
  1194 | D:3      | Killed Terence
  1195 | D:3      | Reached skill level 4 in Axes
  1195 | D:3      | Reached XP level 4. HP: 11/40 MP: 4/4
  1356 | D:3      | Noticed Ijyb
  1362 | D:3      | Paralysed by Ijyb for 2 turns
  1365 | D:3      | Paralysed by Ijyb for 3 turns
  1371 | D:3      | Paralysed by Ijyb for 5 turns
  1378 | D:3      | Killed Ijyb
  1442 | D:3      | Reached XP level 5. HP: 33/46 MP: 5/5
  1936 | D:4      | Reached skill level 5 in Axes
  2075 | D:5      | Entered Level 5 of the Dungeon
  2275 | D:5      | Noticed an ogre
  2281 | D:5      | Killed an ogre
  2282 | D:5      | Reached XP level 6. HP: 38/53 MP: 6/6
  2293 | D:5      | Reached skill level 6 in Axes
  2545 | D:5      | Reached skill level 5 in Armour
  2893 | D:5      | Reached XP level 7. HP: 57/60 MP: 7/7
  2896 | D:5      | Reached skill level 7 in Axes
  3337 | D:5      | Noticed Sigmund
  3364 | D:5      | Killed Sigmund
  3365 | D:5      | Reached skill level 5 in Fighting
  3365 | D:5      | Reached skill level 8 in Axes
  3454 | D:6      | Reached XP level 8. HP: 62/68 MP: 8/8
  3807 | D:6      | Reached skill level 9 in Axes
  3937 | D:6      | Identified a scroll of acquirement
  3938 | D:6      | Acquired a +0 war axe of distortion
  3993 | D:6      | Found a glowing golden altar of the Shining One.
  4716 | D:7      | Found a staircase to the Ecumenical Temple.
  4740 | D:7      | Reached skill level 10 in Axes
  4756 | Temple   | Entered the Ecumenical Temple
  4873 | D:7      | Found a runed translucent door.
  4873 | D:7      | Noticed nms23's ghost (novice OpCj)
  4935 | D:7      | Found a transporter.
  4954 | D:7      | Found a transporter.
  5196 | D:7      | Reached XP level 9. HP: 61/75 MP: 9/9
  5417 | D:8      | Found a transporter.
  5462 | D:8      | Noticed a cyclops
  5476 | D:8      | Killed a cyclops
  5477 | D:8      | Reached skill level 11 in Axes
  5477 | D:8      | Reached skill level 1 in Dodging
  5834 | D:8      | Found a staircase to the Lair.
  5835 | D:8      | Found a transporter.
  5898 | D:8      | Noticed Erica
  6300 | D:8      | Noticed a two-headed ogre
  6307 | D:8      | Noticed dohliylev's ghost (novice TrWr)
  6308 | D:8      | Killed a two-headed ogre
  6309 | D:8      | Reached skill level 12 in Axes
  6309 | D:8      | Reached skill level 5 in Shields
  6412 | D:8      | HP: 3/79 [Erica/bolt of poison (15)]
  6413 | D:8      | Succumbed to Erica's bolt of poison

Illustrated notes

Levels and vault maps discovered:
D:1:      doesnt_arrival_eight_statues, layout_basic
D:2:      layout_loops_cross, kennysheep_generic_room_14
D:3:      layout_rooms, uniq_terence, uniq_ijyb
D:4:      layout_basic
D:5:      layout_loops_ring, kennysheep_cluttered_room, uniq_sigmund
D:6:      layout_loops_ring, amcnicky_altar_gilded
D:7:      gammafunk_steamed_eel, layout_rooms, minmay_temple_entry_butterflies,
          hellmonk_ghost_happy_afterlife
D:8:      layout_rooms, gammafunk_temple_overflow_pools, dpeg_oklobed_lair,
          gammafunk_ghost_abyssal_escape, kennysheep_generic_room_6, uniq_erica
Temple:   nicolae_temple_two_arcs

Skill      XL: |  1  2  3  4  5  6  7  8  9 |
---------------+----------------------------+-----
Axes           | 3 4 5 6 8 10 12 | 12.1
Fighting       | 4 5 6 7 |  7.0
Armour         | 4 5 6 8 |  8.2
Shields        | 4 5 |  5.0
Dodging        | 1 |  1.0
Stealth        | |  0.7

Action                     |  1- 3 |  4- 6 |  7- 9 || total
---------------------------+-------+-------+-------++-------
  Melee: War axe           |   101 |   117 |   167 ||   385
  Evoke: Wand              |       |       |     3 ||     3
    Use: Potion            |       |     2 |     6 ||     8
         Scroll            |       |       |    13 ||    13
 Armour: Scale mail        |    45 |       |       ||    45
         Plate armour      |    22 |   100 |   172 ||   294
  Dodge: Dodged            |    42 |    30 |    32 ||   104
  Block: Buckler           |    19 |    15 |    34 ||    68

Table legend: (Time is in decaauts)
 A = Elapsed time spent in this place.
 B = Non-inter-level travel time spent in this place.
 C = Inter-level travel time spent in this place.
 D = Time resting spent in this place.
 E = Time spent auto-exploring this place.
 F = Levels seen in this place.
 G = Mean time per level.
                   A        B        C        D        E       F      G
               +--------+--------+--------+--------+--------+-----+--------+
         Total |   6495 |   6365 |    130 |   1342 |   4030 |   9 |  721.7 |
       Dungeon |   6464 |   6338 |    126 |   1342 |   4030 |   8 |  808.0 |
        Temple |     31 |     27 |      4 |      0 |      0 |   1 |   31.0 |
               +--------+--------+--------+--------+--------+-----+--------+

Top non-repeatable levels by time:
     D:5: 1385 daAuts
     D:6: 1279 daAuts
     D:8: 1064 daAuts
     D:2: 755 daAuts
     D:7: 613 daAuts
     D:3: 602 daAuts
     D:4: 383 daAuts
     D:1: 380 daAuts
  Temple: 31 daAuts
